Unix NetHack Version 5.0.0-0 post-release - last build May 23 2026 06:08:33 (1c0ff79ee797540d5714e4e18072db0edd9e58ae,branch:main).

Game began 2026-05-22 22:12:49, ended 2026-05-26 17:07:32.

Koku, neutral female gnomish Wizard

                                       -------------
                                       |.........<.|
                                       ............|
                                       |.@....(....|
                                       |h.....f....|
                                       -----------+-

Koku the Conjurer         St:11 Dx:11 Co:16 In:19 Wi:10 Ch:10  Neutral
Dlvl:3  $:32 HP:0(18) Pw:25(30) AC:9  Xp:3 T:1200  Hungry  

Latest messages:
 THUD!
 In what direction? 2
 You kick a locked large box.
 THUD!
 You break open the lock!
 You see here a broken large box.
 The large box is empty.
 You hear a door open.
 What do you want to use or apply? [cl-nrBI or ?*] <space>
 Never mind.
 You put 6 uncursed arrows into the large box.
 You put a broad short sword into the large box.
 You put an axe into the large box.
 You put a hard hat into the large box.
 You put a rusty pair of hard shoes into the large box.
 You put a corroded large round shield into the large box.
 You put a hooded cloak into the large box.
 You put a hooded cloak into the large box.
 Your movements are now unencumbered.
 You put a pair of hard shoes into the large box.
 What do you want to read? [i-mI or ?*] I
 This spellbook is very difficult to comprehend.  Continue? [yn] (n) y
 You begin to memorize the runes.
 You stop studying.
 In what direction? 4
 The hobbit shoots a rock!
 You are hit by a rock.
 You are beginning to feel hungry.
 The hobbit shoots a rock!
 You are hit by a rock.
 The hobbit swings his sling.
 The hobbit hits!
 You miss the hobbit.
 The hobbit swings his sling.
 The hobbit hits!
 You hit the hobbit.
 The hobbit swings his sling.
 The hobbit misses!
 You miss the hobbit.
 The hobbit swings his sling.
 The hobbit hits!
 You hit the hobbit.
 The hobbit swings his sling.
 The hobbit hits!
 You die...
 Do you want your possessions identified? [ynq] (y) y
 Do you want to see your attributes? [ynq] (y) y
 Do you want an account of creatures vanquished? [ynaq] (y) y
 Do you want to see your conduct and achievements? [ynq] (y) y
 Do you want to see the dungeon overview? [ynq] (y) y

Inventory:
 Coins    ('$')
  $ - 32 gold pieces
 Amulets  ('"')
  z - a cursed amulet of strangulation
 Weapons  (')')
  J - a +0 dagger
  a - a blessed +1 quarterstaff (weapon in hands)
 Armor    ('[')
  b - an uncursed +0 cloak of magic resistance (being worn)
 Comestibles  ('%')
  o - 2 uncursed food rations
  u - an uncursed tin of broiled newt meat
  t - an uncursed lichen corpse
 Scrolls  ('?')
  j - 2 uncursed scrolls of confuse monster
  k - an uncursed scroll of identify
  i - a blessed scroll of remove curse
 Spellbooks  ('+')
  I - an uncursed spellbook of cancellation
  m - an uncursed spellbook of cause fear
  l - a blessed spellbook of force bolt
 Potions  ('!')
  g - an uncursed potion of enlightenment
  p - an uncursed potion of extra healing
  s - an uncursed potion of oil
  v - an uncursed potion of polymorph
  f - an uncursed potion of sickness
  h - an uncursed potion of water
 Rings    ('=')
  d - an uncursed +1 ring of protection
  e - an uncursed ring of slow digestion
 Wands    ('/')
  c - a wand of stasis (0:3)
 Tools    ('(')
  r - an uncursed wooden flute
  n - a magic marker (0:21)
 Gems/Stones  ('*')
  G - an uncursed worthless piece of black glass
  H - an uncursed worthless piece of yellowish brown glass

Koku the Wizard's attributes:

Background:
 You were a Conjurer, a level 3 female gnomish Wizard.
 You were neutral, on a mission for Thoth
 who was opposed by Ptah (lawful) and Anhur (chaotic).
 You were right-handed.
 You were in the Dungeons of Doom, on level 3.
 You entered the dungeon 1200 turns ago.
 You had 40 experience points, 40 more were needed to attain level 4.

Basics:
 You had 0 out of 18 hit points.
 You had 25 out of 30 energy points (spell power).
 Your armor class was 9.
 Your wallet contained 32 zorkmids.
 Autopickup was off.

Final Characteristics:
 Your strength was 11 (limit:18/50).
 Your dexterity was 11 (limit:18).
 Your constitution was 16 (limit:18).
 Your intelligence was 19 (limit:19).
 Your wisdom was 10 (limit:18).
 Your charisma was 10 (limit:18).

Final Status:
 You were hungry.
 You were unencumbered.
 You were wielding a quarterstaff.
 You had basic skill with quarterstaff.

Final Attributes:
 You were stridently aligned.
 You were magic-protected.
 You had infravision.
 You were warded.
 You are dead.

Miscellaneous:
 You didn't encounter any bones levels.
 Total elapsed playing time was 6 minutes and 49 seconds.

Major events:
 Turn
    1: Koku the neutral female gnomish Wizard entered the dungeon
  847: entered the Gnomish Mines
 1003: attained the rank of Conjurer (level 3)
 1200: killed by a hobbit

Spells:
 Name                 Level Category     Fail Retention
 force bolt             1   attack         0%  91%-100%
 cause fear             3   enchantment    0%  91%-100%

Skills:
 Fighting Skills
   bare handed combat [Unskilled]
   riding             [Unskilled]
 Weapon Skills
   dagger             [Unskilled]
   knife              [Unskilled]
   axe                [Unskilled]
   short sword        [Unskilled]
   club               [Unskilled]
   mace               [Unskilled]
   quarterstaff       [Basic]
   polearms           [Unskilled]
   spear              [Unskilled]
   trident            [Unskilled]
   sling              [Unskilled]
   dart               [Unskilled]
   shuriken           [Unskilled]
 Spellcasting Skills
   attack spells      [Basic]
   healing spells     [Unskilled]
   divination spells  [Unskilled]
   enchantment spells [Basic]
   clerical spells    [Unskilled]
   escape spells      [Unskilled]
   matter spells      [Unskilled]

Voluntary challenges:
 Character rerolling was not enabled.
 You never genocided any monsters.
 You never polymorphed an object.
 You never changed form.
 You used no wishes.
Achievements:
 You entered the Gnomish Mines.
 You attained the rank of Conjurer.

 The Dungeons of Doom: levels 1 to 3
    Level 1:
       An altar, a fountain.
    Level 2:
       A fountain.
       Stairs down to The Gnomish Mines.
    Level 3: <- You were here.
       Final resting place for
          you, killed by a hobbit.
 The Gnomish Mines:
    Level 3:


Vanquished creatures:
  2 dwarves
  a coyote
  2 giant rats
  a gnome
  3 jackals
  a fox
  2 kobolds
  a goblin
  4 sewer rats
  2 grid bugs
  2 lichens
  5 newts
26 creatures vanquished.

No species were genocided or became extinct.

Game over:
                       ----------
                      /          \
                     /    REST    \
                    /      IN      \
                   /     PEACE      \
                  /                  \
                  |       Koku       |
                  |      32 Au       |
                  |   killed by a    |
                  |      hobbit      |
                  |                  |
                  |                  |
                  |       2026       |
                 *|     *  *  *      | *
        _________)/\\_//(\/(/\)/\//\/|_)_______

Goodbye Koku the Wizard...

You died in The Dungeons of Doom on dungeon level 3 with 289 points,
and 32 pieces of gold, after 1200 moves.
You were level 3 with a maximum of 18 hit points when you died.

